2751 views
Uploaded 2020-01-30 03:43:07
Game version 1.32 / 1.32.1
38:29 long 4on4 ladder game on (8)GoldRush
Saved by ChuckleMan
2751 views
Uploaded 2020-01-30 03:43:07
Game version 1.32 / 1.32.1
38:29 long 4on4 ladder game on (8)GoldRush


212 units @ 30k
/ 3.6k
100 buildings @ 16k
/ 7.1k


| Peasant | 27 | 2025 | / | 0 |
| Footman | 9 | 1215 | / | 0 |
| Rifleman | 13 | 2665 | / | 390 |
| Troll Headhunter | 1 | 140 | / | 20 |
| Wind Rider | 9 | 2385 | / | 360 |
| Acolyte | 4 | 300 | / | 0 |
| Frost Wyrm | 1 | 385 | / | 120 |
| total: | 64 | 9115g | / | 890w |
| Scout Tower | 3 | 90 | / | 60 |
| Guard Tower | 1 | 70 | / | 50 |
| Altar of Kings | 1 | 180 | / | 50 |
| Barracks | 2 | 320 | / | 120 |
| Farm | 5 | 400 | / | 100 |
| Blacksmith | 2 | 280 | / | 120 |
| Lumber Mill | 1 | 120 | / | 0 |
| Town Hall | 1 | 385 | / | 205 |
| Arcane Vault | 1 | 130 | / | 30 |
| Arcane Sanctum | 1 | 150 | / | 140 |
| Keep | 1 | 320 | / | 210 |
| Nerubian Tower | 1 | 100 | / | 20 |
| Ziggurat | 2 | 300 | / | 100 |
| Beastiary | 1 | 145 | / | 140 |
| Spirit Lodge | 1 | 150 | / | 150 |
| total: | 21 | 2650g | / | 1215w |
| 0:03 | Peasant |
| 0:03 | Peasant |
| 0:13 | Altar of Kings |
| 0:24 | Peasant |
| 0:28 | Barracks |
| 0:51 | Peasant |
| 1:01 | Farm |
| 1:23 | Peasant |
| 1:37 | Farm |
| 1:43 | Blacksmith |
| 1:59 | Footman |
| 1:59 | Footman |
| 2:09 | Peasant |
| 2:30 | Divine Shield |
| 2:34 | Peasant |
| 2:54 | Peasant |
| 3:28 | Peasant |
| 3:29 | Peasant |
| 4:10 | Peasant |
| 4:10 | Peasant |
| 4:27 | Peasant |
| 4:51 | Footman |
| 4:54 | Peasant |
| 5:04 | Footman |
| 5:23 | Footman |
| 5:27 | Farm |
| 5:40 | Footman |
| 5:58 | Peasant |
| 5:58 | Peasant |
| 5:58 | Peasant |
| 6:16 | Footman |
| 6:33 | Footman |
| 6:40 | Scout Tower |
| 6:45 | Scout Tower |
| 6:51 | Footman |
| 6:53 | Peasant |
| 7:18 | Blacksmith |
| 7:23 | Lumber Mill |
| 7:26 | Scout Tower |
| 8:00 | Defend |
| 8:10 | Holy Light |
| 8:34 | Guard Tower |
| 8:40 | Peasant |
| 9:01 | Rifleman |
| 9:01 | Rifleman |
| 9:18 | Rifleman |
| 10:33 | Peasant |
| 10:33 | Peasant |
| 11:08 | Keep |
| 11:35 | Farm |
| 12:21 | Farm |
| 12:23 | Rifleman |
| 12:52 | Rifleman |
| 13:05 | Town Hall |
| 13:13 | Rifleman |
| 13:20 | Barracks |
| 13:41 | Holy Light |
| 13:48 | Rifleman |
| 13:58 | Arcane Sanctum |
| 14:00 | Peasant |
| 14:14 | Arcane Vault |
| 15:02 | Rifleman |
| 15:18 | Rifleman |
| 15:45 | Black Gunpowder |
| 16:13 | Troll Headhunter |
| 16:15 | Wind Rider |
| 16:15 | Wind Rider |
| 16:17 | Wind Rider |
| 16:44 | Rifleman |
| 16:47 | Refined Gunpowder |
| 17:02 | Wind Rider |
| 17:02 | Wind Rider |
| 17:27 | Hex |
| 17:36 | Rifleman |
| 17:43 | Wind Rider |
| 17:46 | Beastiary |
| 17:50 | Spirit Lodge |
| 18:41 | Rifleman |
| 18:41 | Rifleman |
| 18:59 | Peasant |
| 18:59 | Peasant |
| 18:59 | Peasant |
| 20:57 | Wind Rider |
| 21:02 | Steel Ranged Weapons |
| 21:44 | Peasant |
| 21:44 | Peasant |
| 23:20 | Wind Rider |
| 23:20 | Wind Rider |
| 23:58 | Inferno |
| 24:13 | Devotion Aura |
| 24:34 | Silence |
| 27:27 | Nerubian Tower |
| 27:32 | Acolyte |
| 27:32 | Acolyte |
| 28:56 | Acolyte |
| 28:56 | Acolyte |
| 32:50 | Ziggurat |
| 32:52 | Ziggurat |
| 35:10 | Unholy Aura |
| 35:22 | Vampiric Aura |
| 36:33 | Frost Wyrm |
| 38:00 | Charm |
| Right click | 1403 |
| Select | 607 |
| Select group | 238 |
| Build/train/purchase | 101 |
| Use ability | 48 |
| Assign group | 33 |
| Resource trade | 22 |
| Minimap ping | 6 |
| Remove unit | 3 |
| Item give/drop | 2 |

| Peon | 10 | 750 | / | 0 |
| Grunt | 6 | 1200 | / | 0 |
| Troll Headhunter | 4 | 560 | / | 80 |
| Demolisher | 2 | 440 | / | 100 |
| total: | 22 | 2950g | / | 180w |
| Watch Tower | 5 | 550 | / | 400 |
| Altar of Storms | 1 | 180 | / | 50 |
| Orc Burrow | 4 | 640 | / | 160 |
| Barracks | 2 | 360 | / | 100 |
| War Mill | 1 | 205 | / | 0 |
| Great Hall | 1 | 385 | / | 185 |
| Beastiary | 1 | 145 | / | 140 |
| Stronghold | 1 | 315 | / | 190 |
| total: | 15 | 2465g | / | 1035w |
| 0:08 | Altar of Storms |
| 0:25 | Peon |
| 0:25 | Peon |
| 0:32 | Orc Burrow |
| 0:56 | Barracks |
| 1:16 | Peon |
| 1:17 | Peon |
| 1:34 | War Mill |
| 2:12 | Grunt |
| 2:12 | Grunt |
| 2:30 | Orc Burrow |
| 2:36 | Serpent Ward |
| 2:48 | Grunt |
| 2:49 | Troll Headhunter |
| 4:01 | Barracks |
| 4:02 | Stronghold |
| 4:15 | Grunt |
| 5:11 | Watch Tower |
| 5:51 | Steel Ranged Weapons |
| 6:05 | Troll Headhunter |
| 6:07 | Grunt |
| 6:36 | Watch Tower |
| 6:37 | Peon |
| 7:29 | Healing Wave |
| 7:53 | Hex |
| 8:26 | Peon |
| 8:26 | Peon |
| 8:26 | Peon |
| 8:32 | Steel Armor |
| 8:37 | Watch Tower |
| 9:19 | Troll Regeneration |
| 9:20 | Troll Headhunter |
| 9:22 | Troll Headhunter |
| 10:12 | Watch Tower |
| 10:34 | Orc Burrow |
| 11:28 | Demolisher |
| 11:32 | Peon |
| 11:32 | Peon |
| 12:09 | Great Hall |
| 12:32 | Orc Burrow |
| 12:39 | Pillage |
| 12:53 | Grunt |
| 13:17 | Beastiary |
| 14:01 | Demolisher |
| 14:06 | Watch Tower |
| Right click | 410 |
| Select | 183 |
| Build/train/purchase | 33 |
| Use ability | 18 |
| Chat | 13 |
| Misc. action | 9 |
| Minimap ping | 6 |


| Lesser Clarity Potion | 2 | 140 |
| Healing Salve | 1 | 100 |
| Orb of Lightning | 1 | 375 |
| Scroll of Town Portal | 1 | 350 |
| total: | 5 | 965g |
| Peon | 46 | 3450 | / | 0 |
| Grunt | 7 | 1400 | / | 0 |
| Troll Headhunter | 12 | 1680 | / | 240 |
| Shaman | 8 | 1040 | / | 160 |
| Tauren | 9 | 2520 | / | 720 |
| Troll Witch Doctor | 9 | 1305 | / | 225 |
| Demolisher | 2 | 440 | / | 100 |
| total: | 93 | 11835g | / | 1445w |
| Watch Tower | 15 | 1650 | / | 1200 |
| Altar of Storms | 1 | 180 | / | 50 |
| Orc Burrow | 13 | 2080 | / | 520 |
| Barracks | 2 | 360 | / | 100 |
| Voodoo Lounge | 1 | 130 | / | 30 |
| War Mill | 1 | 205 | / | 0 |
| Great Hall | 6 | 2310 | / | 1110 |
| Spirit Lodge | 1 | 150 | / | 150 |
| Tauren Totem | 1 | 135 | / | 155 |
| Stronghold | 1 | 315 | / | 190 |
| Fortress | 1 | 325 | / | 190 |
| total: | 41 | 7200g | / | 3315w |
| 0:03 | Peon |
| 0:08 | Altar of Storms |
| 0:10 | Orc Burrow |
| 0:14 | Peon |
| 0:30 | Peon |
| 0:47 | Barracks |
| 0:54 | Peon |
| 1:03 | Peon |
| 1:19 | Peon |
| 1:36 | Orc Burrow |
| 1:42 | Voodoo Lounge |
| 2:03 | Grunt |
| 2:18 | Healing Wave |
| 2:29 | Grunt |
| 2:44 | Orc Burrow |
| 3:03 | War Mill |
| 3:14 | Pillage |
| 3:14 | Backpack |
| 3:29 | Grunt |
| 3:47 | Grunt |
| 4:05 | Peon |
| 4:33 | Serpent Ward |
| 4:43 | Watch Tower |
| 4:44 | Watch Tower |
| 5:12 | Great Hall |
| 5:45 | Troll Headhunter |
| 5:45 | Troll Headhunter |
| 5:48 | Peon |
| 6:08 | Peon |
| 6:08 | Peon |
| 6:08 | Peon |
| 6:08 | Peon |
| 6:16 | Peon |
| 6:36 | Troll Headhunter |
| 6:45 | Watch Tower |
| 6:53 | Watch Tower |
| 7:03 | Spiked Barricades |
| 7:06 | Lesser Clarity Potion |
| 7:11 | Healing Salve |
| 7:29 | Orc Burrow |
| 7:39 | Lesser Clarity Potion |
| 7:50 | Troll Headhunter |
| 8:08 | Stronghold |
| 8:23 | Hex |
| 8:29 | Grunt |
| 8:31 | Steel Armor |
| 8:32 | Steel Melee Weapons |
| 8:32 | Steel Ranged Weapons |
| 8:36 | Thorium Ranged Weapons |
| 8:57 | Grunt |
| 9:28 | Grunt |
| 9:39 | Orc Burrow |
| 9:52 | Watch Tower |
| 9:54 | Watch Tower |
| 10:08 | Troll Headhunter |
| 10:08 | Troll Headhunter |
| 10:38 | Berserker Strength |
| 10:38 | Troll Regeneration |
| 10:53 | Healing Wave |
| 11:29 | Peon |
| 11:29 | Peon |
| 11:30 | Peon |
| 11:56 | Reinforced Defenses |
| 12:03 | Barracks |
| 12:14 | Peon |
| 12:14 | Peon |
| 12:31 | Spirit Lodge |
| 12:40 | Endurance Aura |
| 13:28 | Fortress |
| 13:58 | Watch Tower |
| 14:01 | Watch Tower |
| 14:09 | Watch Tower |
| 14:22 | Shaman Adept Training |
| 14:32 | War Stomp |
| 15:24 | Watch Tower |
| 15:38 | Great Hall |
| 15:52 | Shaman Master Training |
| 16:17 | Watch Tower |
| 16:18 | Watch Tower |
| 16:52 | Tauren Totem |
| 16:59 | Orb of Lightning |
| 17:01 | Scroll of Town Portal |
| 17:12 | Shaman |
| 17:12 | Shaman |
| 17:12 | Shaman |
| 17:12 | Shaman |
| 17:28 | Orc Burrow |
| 18:29 | Shaman |
| 18:29 | Shaman |
| 18:29 | Shaman |
| 18:36 | Tauren |
| 18:36 | Tauren |
| 19:00 | Healing Wave |
| 19:00 | Healing Wave |
| 19:24 | Peon |
| 19:53 | Peon |
| 19:53 | Peon |
| 19:53 | Peon |
| 19:54 | Peon |
| 20:11 | Pulverize |
| 20:11 | Tauren |
| 20:11 | Tauren |
| 20:11 | Tauren |
| 20:14 | Witch Doctor Adept Training |
| 20:32 | Endurance Aura |
| 20:59 | Watch Tower |
| 21:01 | Watch Tower |
| 21:02 | Watch Tower |
| 21:25 | Tauren |
| 21:36 | Witch Doctor Master Training |
| 21:47 | Peon |
| 21:47 | Peon |
| 21:47 | Peon |
| 21:48 | Peon |
| 21:48 | Peon |
| 22:00 | Troll Witch Doctor |
| 22:01 | Troll Witch Doctor |
| 22:01 | Troll Witch Doctor |
| 22:01 | Troll Witch Doctor |
| 22:06 | Orc Burrow |
| 22:08 | Orc Burrow |
| 22:37 | Orc Burrow |
| 22:37 | Orc Burrow |
| 23:19 | Troll Witch Doctor |
| 23:19 | Troll Witch Doctor |
| 23:20 | Shaman |
| 23:23 | Tauren |
| 24:12 | Great Hall |
| 24:49 | Troll Witch Doctor |
| 25:23 | Thorium Armor |
| 26:14 | Orc Burrow |
| 26:15 | Orc Burrow |
| 26:24 | Peon |
| 26:24 | Peon |
| 26:24 | Peon |
| 26:26 | Peon |
| 26:32 | Peon |
| 27:18 | Demolisher |
| 27:18 | Demolisher |
| 28:03 | Great Hall |
| 28:19 | Peon |
| 28:19 | Peon |
| 28:43 | War Stomp |
| 28:58 | Peon |
| 28:58 | Peon |
| 28:58 | Peon |
| 29:13 | Orc Burrow |
| 30:07 | Peon |
| 30:08 | Peon |
| 30:08 | Peon |
| 30:08 | Peon |
| 31:09 | Endurance Aura |
| 32:35 | Great Hall |
| 32:54 | Big Bad Voodoo |
| 34:22 | Peon |
| 34:22 | Peon |
| 34:22 | Peon |
| 34:22 | Peon |
| 35:04 | Troll Witch Doctor |
| 35:04 | Troll Witch Doctor |
| 35:07 | Tauren |
| 35:07 | Tauren |
| 35:08 | Troll Headhunter |
| 35:08 | Troll Headhunter |
| 35:08 | Troll Headhunter |
| 35:08 | Berserker Upgrade |
| 36:17 | Troll Headhunter |
| 36:17 | Troll Headhunter |
| 36:18 | Troll Headhunter |
| 36:53 | Great Hall |
| Select | 681 |
| Select group | 671 |
| Right click | 603 |
| Misc. action | 221 |
| Build/train/purchase | 161 |
| Use ability | 58 |
| Assign group | 48 |
| Resource trade | 16 |
| Remove unit | 6 |
| Minimap ping | 5 |
| Esc | 3 |
| Item give/drop | 2 |



| Orb of Corruption | 1 | 375 |
| Potion of Mana | 1 | 200 |
| Scroll of Town Portal | 2 | 700 |
| Scroll of Healing | 1 | 250 |
| total: | 5 | 1525g |
| Acolyte | 13 | 975 | / | 0 |
| Ghoul | 8 | 960 | / | 0 |
| Frost Wyrm | 8 | 3080 | / | 960 |
| Wind Rider | 4 | 1060 | / | 160 |
| total: | 33 | 6075g | / | 1120w |
| Spirit Tower | 1 | 145 | / | 40 |
| Crypt | 2 | 400 | / | 100 |
| Altar of Darkness | 1 | 180 | / | 50 |
| Ziggurat | 11 | 1650 | / | 550 |
| Tomb of Relics | 1 | 130 | / | 30 |
| Necropolis | 1 | 225 | / | 0 |
| Graveyard | 1 | 215 | / | 0 |
| Sacrificial Pit | 1 | 75 | / | 150 |
| Boneyard | 3 | 525 | / | 600 |
| Halls of the Dead | 1 | 320 | / | 210 |
| Black Citadel | 3 | 975 | / | 690 |
| Orc Burrow | 2 | 320 | / | 80 |
| total: | 23 | 3720g | / | 1560w |
| 0:05 | Acolyte |
| 0:06 | Acolyte |
| 0:22 | Crypt |
| 0:39 | Altar of Darkness |
| 0:43 | Ziggurat |
| 1:06 | Crypt |
| 1:27 | Ghoul |
| 1:31 | Tomb of Relics |
| 1:40 | Ghoul |
| 1:54 | Acolyte |
| 2:22 | Ghoul |
| 2:26 | Ziggurat |
| 2:54 | Sleep |
| 3:17 | Ziggurat |
| 3:19 | Ghoul |
| 3:33 | Acolyte |
| 3:35 | Ghoul |
| 4:17 | Halls of the Dead |
| 4:21 | Ghoul |
| 4:55 | Ghoul |
| 5:19 | Cannibalize |
| 5:21 | Vampiric Aura |
| 5:26 | Necropolis |
| 5:58 | Ghoul |
| 7:00 | Acolyte |
| 7:19 | Graveyard |
| 7:29 | Black Citadel |
| 7:29 | Black Citadel |
| 7:48 | Acolyte |
| 7:51 | Ziggurat |
| 7:57 | Sleep |
| 8:15 | Acolyte |
| 8:15 | Acolyte |
| 8:51 | Sacrificial Pit |
| 9:06 | Ziggurat |
| 9:55 | Boneyard |
| 9:55 | Boneyard |
| 10:14 | Vampiric Aura |
| 10:37 | Death Coil |
| 10:56 | Boneyard |
| 11:20 | Frost Wyrm |
| 12:00 | Black Arrow |
| 12:37 | Frost Wyrm |
| 12:44 | Ziggurat |
| 12:45 | Ziggurat |
| 12:45 | Ziggurat |
| 13:01 | Orb of Corruption |
| 13:01 | Scroll of Town Portal |
| 13:02 | Scroll of Healing |
| 13:03 | Potion of Mana |
| 13:13 | Freezing Breath |
| 13:53 | Unholy Aura |
| 13:59 | Frost Wyrm |
| 14:04 | Creature Carapace |
| 14:37 | Life Drain |
| 15:44 | Spirit Tower |
| 16:09 | Life Drain |
| 16:22 | Scroll of Town Portal |
| 17:18 | Sleep |
| 17:28 | Death Coil |
| 18:05 | Acolyte |
| 18:05 | Acolyte |
| 18:55 | Unholy Aura |
| 18:55 | Unholy Aura |
| 18:55 | Unholy Aura |
| 19:02 | Ziggurat |
| 19:03 | Ziggurat |
| 19:03 | Ziggurat |
| 19:17 | Wind Rider |
| 19:17 | Wind Rider |
| 19:21 | Orc Burrow |
| 19:22 | Orc Burrow |
| 19:55 | Black Arrow |
| 20:54 | Frost Wyrm |
| 21:05 | Acolyte |
| 21:05 | Acolyte |
| 21:05 | Acolyte |
| 21:42 | Shaman Adept Training |
| 21:45 | Wind Rider |
| 21:45 | Wind Rider |
| 23:20 | Frost Wyrm |
| 23:22 | Frost Wyrm |
| 23:23 | Frost Wyrm |
| 23:23 | Frost Wyrm |
| Right click | 756 |
| Select group | 414 |
| Select | 236 |
| Misc. action | 134 |
| Build/train/purchase | 84 |
| Use ability | 39 |
| Resource trade | 33 |
| Assign group | 22 |
| Minimap ping | 7 |
| Item give/drop | 1 |
184 units @ 21.4k
/ 1.9k
461 buildings @ 26.9k
/ 14k



| Lesser Clarity Potion | 2 | 140 |
| Scroll of Regeneration | 4 | 400 |
| Ivory Tower | 4 | 160 |
| Staff of Sanctuary | 3 | 750 |
| Staff of Teleportation | 3 | 450 |
| Boots of Speed | 3 | 750 |
| Circlet of Nobility | 3 | 525 |
| total: | 22 | 3175g |
| Peasant | 36 | 2700 | / | 0 |
| Sorceress | 1 | 155 | / | 20 |
| Gryphon Rider | 3 | 840 | / | 210 |
| total: | 40 | 3695g | / | 230w |
| Scout Tower | 168 | 5040 | / | 3360 |
| Arcane Tower | 1 | 70 | / | 50 |
| Guard Tower | 50 | 3500 | / | 2500 |
| Altar of Kings | 1 | 180 | / | 50 |
| Farm | 9 | 720 | / | 180 |
| Lumber Mill | 6 | 720 | / | 0 |
| Town Hall | 6 | 2310 | / | 1230 |
| Blacksmith | 2 | 280 | / | 120 |
| Arcane Vault | 2 | 260 | / | 60 |
| Arcane Sanctum | 1 | 150 | / | 140 |
| Gryphon Aviary | 6 | 840 | / | 900 |
| Keep | 2 | 640 | / | 420 |
| Castle | 1 | 360 | / | 210 |
| total: | 201 | 10500g | / | 6040w |
| 0:03 | Altar of Kings |
| 0:07 | Peasant |
| 0:09 | Peasant |
| 0:31 | Farm |
| 0:51 | Peasant |
| 0:57 | Peasant |
| 1:10 | Lumber Mill |
| 1:11 | Peasant |
| 1:15 | Farm |
| 1:24 | Peasant |
| 1:27 | Blizzard |
| 1:34 | Peasant |
| 1:34 | Peasant |
| 2:00 | Peasant |
| 2:00 | Peasant |
| 2:16 | Peasant |
| 2:16 | Peasant |
| 2:34 | Peasant |
| 2:56 | Farm |
| 2:58 | Farm |
| 3:33 | Brilliance Aura |
| 3:38 | Town Hall |
| 3:49 | Scout Tower |
| 3:59 | Peasant |
| 3:59 | Peasant |
| 4:01 | Peasant |
| 4:01 | Peasant |
| 4:06 | Scout Tower |
| 4:07 | Scout Tower |
| 4:08 | Scout Tower |
| 4:14 | Peasant |
| 4:14 | Peasant |
| 4:15 | Scout Tower |
| 4:16 | Scout Tower |
| 4:19 | Scout Tower |
| 4:49 | Peasant |
| 4:50 | Peasant |
| 4:52 | Peasant |
| 4:53 | Peasant |
| 4:53 | Peasant |
| 5:00 | Arcane Tower |
| 5:05 | Peasant |
| 5:05 | Peasant |
| 5:07 | Peasant |
| 5:42 | Guard Tower |
| 5:45 | Guard Tower |
| 6:03 | Scout Tower |
| 6:04 | Scout Tower |
| 6:04 | Scout Tower |
| 6:05 | Scout Tower |
| 6:07 | Peasant |
| 6:07 | Peasant |
| 6:07 | Peasant |
| 6:09 | Peasant |
| 6:10 | Peasant |
| 6:13 | Blizzard |
| 6:29 | Keep |
| 6:31 | Guard Tower |
| 6:32 | Peasant |
| 6:34 | Peasant |
| 7:04 | Scout Tower |
| 7:05 | Scout Tower |
| 7:06 | Scout Tower |
| 7:06 | Scout Tower |
| 7:07 | Scout Tower |
| 7:07 | Scout Tower |
| 7:08 | Scout Tower |
| 7:08 | Scout Tower |
| 7:09 | Scout Tower |
| 7:10 | Scout Tower |
| 7:11 | Scout Tower |
| 7:11 | Scout Tower |
| 7:12 | Scout Tower |
| 7:12 | Scout Tower |
| 7:13 | Scout Tower |
| 7:13 | Scout Tower |
| 7:17 | Lumber Mill |
| 7:19 | Lesser Clarity Potion |
| 7:19 | Scroll of Regeneration |
| 7:21 | Ivory Tower |
| 7:21 | Ivory Tower |
| 7:32 | Guard Tower |
| 7:33 | Guard Tower |
| 7:40 | Guard Tower |
| 7:41 | Improved Masonry |
| 7:44 | Guard Tower |
| 7:48 | Scout Tower |
| 7:48 | Scout Tower |
| 7:49 | Scout Tower |
| 7:49 | Scout Tower |
| 8:32 | Guard Tower |
| 8:34 | Guard Tower |
| 8:38 | Scout Tower |
| 8:39 | Scout Tower |
| 8:39 | Scout Tower |
| 8:39 | Scout Tower |
| 8:40 | Scout Tower |
| 8:40 | Scout Tower |
| 8:41 | Scout Tower |
| 8:42 | Scout Tower |
| 8:46 | Lumber Mill |
| 8:50 | Guard Tower |
| 8:54 | Scout Tower |
| 8:55 | Scout Tower |
| 9:09 | Scout Tower |
| 9:12 | Guard Tower |
| 9:14 | Guard Tower |
| 9:30 | Guard Tower |
| 9:35 | Farm |
| 9:37 | Farm |
| 9:55 | Guard Tower |
| 9:58 | Guard Tower |
| 10:05 | Farm |
| 10:46 | Guard Tower |
| 10:50 | Scout Tower |
| 10:51 | Scout Tower |
| 10:51 | Scout Tower |
| 10:53 | Lesser Clarity Potion |
| 10:53 | Scroll of Regeneration |
| 10:55 | Ivory Tower |
| 10:55 | Ivory Tower |
| 11:05 | Scout Tower |
| 11:06 | Scout Tower |
| 11:08 | Scout Tower |
| 11:08 | Scout Tower |
| 11:14 | Guard Tower |
| 11:19 | Flame Strike |
| 11:26 | Guard Tower |
| 11:32 | Guard Tower |
| 11:52 | Staff of Teleportation |
| 11:53 | Boots of Speed |
| 11:53 | Circlet of Nobility |
| 12:03 | Boots of Speed |
| 12:15 | Town Hall |
| 12:19 | Scout Tower |
| 12:20 | Scout Tower |
| 12:39 | Castle |
| 12:41 | Guard Tower |
| 12:48 | Scout Tower |
| 12:49 | Scout Tower |
| 12:50 | Guard Tower |
| 13:12 | Siphon Mana |
| 13:14 | Guard Tower |
| 13:17 | Scout Tower |
| 13:19 | Scout Tower |
| 13:19 | Scout Tower |
| 13:20 | Scout Tower |
| 13:20 | Scout Tower |
| 13:37 | Brilliance Aura |
| 13:45 | Guard Tower |
| 13:48 | Scout Tower |
| 13:49 | Scout Tower |
| 13:50 | Scout Tower |
| 13:50 | Scout Tower |
| 13:51 | Scout Tower |
| 13:52 | Scout Tower |
| 13:52 | Scout Tower |
| 13:53 | Scout Tower |
| 13:53 | Scout Tower |
| 13:54 | Scout Tower |
| 13:55 | Scout Tower |
| 13:56 | Scout Tower |
| 14:02 | Staff of Teleportation |
| 14:02 | Circlet of Nobility |
| 14:09 | Guard Tower |
| 14:12 | Advanced Masonry |
| 14:12 | Improved Lumber Harvesting |
| 14:15 | Lumber Mill |
| 14:17 | Lumber Mill |
| 14:45 | Guard Tower |
| 15:03 | Guard Tower |
| 15:06 | Arcane Sanctum |
| 15:16 | Scroll of Regeneration |
| 15:18 | Staff of Sanctuary |
| 15:29 | Guard Tower |
| 15:33 | Rain of Fire |
| 16:42 | Scout Tower |
| 16:42 | Scout Tower |
| 16:43 | Scout Tower |
| 16:44 | Scout Tower |
| 16:44 | Scout Tower |
| 16:45 | Scout Tower |
| 16:53 | Town Hall |
| 17:02 | Guard Tower |
| 17:07 | Scout Tower |
| 17:08 | Scout Tower |
| 17:09 | Scout Tower |
| 17:09 | Scout Tower |
| 17:10 | Scout Tower |
| 17:11 | Scout Tower |
| 17:12 | Scout Tower |
| 17:14 | Scout Tower |
| 17:15 | Scout Tower |
| 17:16 | Scout Tower |
| 17:16 | Scout Tower |
| 17:17 | Scout Tower |
| 17:19 | Scout Tower |
| 17:20 | Scout Tower |
| 17:23 | Staff of Teleportation |
| 17:23 | Circlet of Nobility |
| 17:23 | Boots of Speed |
| 17:40 | Advanced Lumber Harvesting |
| 17:43 | Imbued Masonry |
| 17:45 | Magic Sentry |
| 17:45 | Sorceress Adept Training |
| 17:46 | Sorceress |
| 17:55 | Guard Tower |
| 18:30 | Guard Tower |
| 18:31 | Flame Strike |
| 18:42 | Guard Tower |
| 18:44 | Town Hall |
| 18:45 | Scout Tower |
| 18:46 | Scout Tower |
| 18:47 | Scout Tower |
| 18:50 | Guard Tower |
| 19:03 | Guard Tower |
| 20:04 | Blizzard |
| 20:11 | Scroll of Regeneration |
| 20:11 | Staff of Sanctuary |
| 20:14 | Cleaving Attack |
| 20:23 | Guard Tower |
| 20:25 | Scout Tower |
| 20:26 | Scout Tower |
| 20:27 | Scout Tower |
| 20:27 | Scout Tower |
| 20:54 | Guard Tower |
| 20:59 | Guard Tower |
| 21:02 | Scout Tower |
| 21:02 | Scout Tower |
| 21:03 | Scout Tower |
| 21:04 | Scout Tower |
| 21:04 | Scout Tower |
| 21:05 | Scout Tower |
| 21:05 | Scout Tower |
| 21:06 | Scout Tower |
| 21:06 | Scout Tower |
| 21:06 | Scout Tower |
| 21:07 | Scout Tower |
| 21:08 | Scout Tower |
| 21:10 | Keep |
| 21:16 | Guard Tower |
| 21:32 | Scout Tower |
| 21:33 | Scout Tower |
| 21:33 | Scout Tower |
| 21:34 | Scout Tower |
| 21:42 | Guard Tower |
| 22:05 | Siphon Mana |
| 22:29 | Guard Tower |
| 22:56 | Guard Tower |
| 23:04 | Town Hall |
| 23:49 | Rain of Fire |
| 24:18 | Blacksmith |
| 24:21 | Blacksmith |
| 24:49 | Gryphon Aviary |
| 24:50 | Gryphon Aviary |
| 24:50 | Gryphon Aviary |
| 24:50 | Gryphon Aviary |
| 24:51 | Gryphon Aviary |
| 24:51 | Gryphon Aviary |
| 25:11 | Guard Tower |
| 25:14 | Scout Tower |
| 25:15 | Scout Tower |
| 25:15 | Scout Tower |
| 25:17 | Scout Tower |
| 25:17 | Scout Tower |
| 25:18 | Scout Tower |
| 25:19 | Scout Tower |
| 25:19 | Scout Tower |
| 25:20 | Scout Tower |
| 25:29 | Scout Tower |
| 25:29 | Scout Tower |
| 25:30 | Scout Tower |
| 25:30 | Scout Tower |
| 25:31 | Scout Tower |
| 25:31 | Scout Tower |
| 25:32 | Scout Tower |
| 25:32 | Scout Tower |
| 25:33 | Scout Tower |
| 25:34 | Scout Tower |
| 25:34 | Scout Tower |
| 25:35 | Scout Tower |
| 25:36 | Scout Tower |
| 25:36 | Scout Tower |
| 25:37 | Scout Tower |
| 25:37 | Scout Tower |
| 26:35 | Storm Hammers |
| 26:38 | Arcane Vault |
| 26:40 | Arcane Vault |
| 26:49 | Guard Tower |
| 26:54 | Sorceress Master Training |
| 27:08 | Staff of Sanctuary |
| 27:37 | Scout Tower |
| 27:37 | Scout Tower |
| 27:38 | Scout Tower |
| 27:38 | Scout Tower |
| 27:39 | Scout Tower |
| 27:40 | Scout Tower |
| 27:40 | Scout Tower |
| 27:41 | Scout Tower |
| 27:44 | Guard Tower |
| 27:47 | Guard Tower |
| 27:52 | Scout Tower |
| 27:53 | Scout Tower |
| 27:54 | Scout Tower |
| 27:54 | Scout Tower |
| 27:55 | Scout Tower |
| 27:55 | Scout Tower |
| 27:57 | Scout Tower |
| 27:57 | Scout Tower |
| 27:57 | Scout Tower |
| 27:58 | Scout Tower |
| 27:58 | Scout Tower |
| 27:59 | Scout Tower |
| 28:37 | Guard Tower |
| 28:48 | Guard Tower |
| 28:50 | Scout Tower |
| 28:51 | Scout Tower |
| 28:51 | Scout Tower |
| 28:52 | Scout Tower |
| 28:58 | Peasant |
| 28:58 | Peasant |
| 29:08 | Lumber Mill |
| 29:34 | Cloud |
| 29:40 | Studded Leather Armor |
| 29:40 | Iron Forged Swords |
| 30:02 | Guard Tower |
| 30:07 | Guard Tower |
| 30:10 | Town Hall |
| 30:12 | Scout Tower |
| 30:12 | Scout Tower |
| 30:13 | Scout Tower |
| 30:14 | Scout Tower |
| 30:15 | Scout Tower |
| 30:16 | Scout Tower |
| 30:42 | Guard Tower |
| 31:02 | Gryphon Rider |
| 31:03 | Gryphon Rider |
| 31:10 | Farm |
| 31:12 | Farm |
| 31:39 | Mass Teleport |
| 31:50 | Gryphon Rider |
| 32:42 | Cleaving Attack |
| 32:44 | Flame Strike |
| 32:46 | Guard Tower |
| 32:52 | Flame Strike |
| 32:56 | Reinforced Leather Armor |
| 32:57 | Steel Forged Swords |
| 33:00 | Flame Strike |
| 36:21 | Dragonhide Armor |
| 36:21 | Mithril Forged Swords |
| 37:54 | Summon Phoenix |
| Right click | 1029 |
| Select group | 609 |
| Select | 372 |
| Build/train/purchase | 204 |
| Use ability | 185 |
| Misc. action | 55 |
| Assign group | 26 |
| Esc | 8 |
| Chat | 7 |
| Item give/drop | 3 |


| Scroll of Regeneration | 2 | 200 |
| total: | 2 | 200g |
| Peasant | 15 | 1125 | / | 0 |
| Footman | 2 | 270 | / | 0 |
| Rifleman | 5 | 1025 | / | 150 |
| Knight | 5 | 1225 | / | 300 |
| Forest Troll Shadow Priest | 1 | 195 | / | 10 |
| Ogre Mauler | 1 | 300 | / | 0 |
| total: | 29 | 4140g | / | 460w |
| Scout Tower | 4 | 120 | / | 80 |
| Guard Tower | 2 | 140 | / | 100 |
| Arcane Tower | 1 | 70 | / | 50 |
| Altar of Kings | 1 | 180 | / | 50 |
| Farm | 11 | 880 | / | 220 |
| Barracks | 2 | 320 | / | 120 |
| Lumber Mill | 1 | 120 | / | 0 |
| Blacksmith | 2 | 280 | / | 120 |
| Arcane Vault | 1 | 130 | / | 30 |
| Town Hall | 1 | 385 | / | 205 |
| Keep | 1 | 320 | / | 210 |
| Castle | 1 | 360 | / | 210 |
| total: | 23 | 2415g | / | 825w |
| 0:06 | Altar of Kings |
| 0:13 | Farm |
| 0:15 | Peasant |
| 0:16 | Peasant |
| 0:46 | Barracks |
| 1:00 | Peasant |
| 1:22 | Peasant |
| 1:38 | Lumber Mill |
| 1:45 | Peasant |
| 1:50 | Footman |
| 2:18 | Farm |
| 2:25 | Flame Strike |
| 3:05 | Blacksmith |
| 3:13 | Blacksmith |
| 3:16 | Peasant |
| 3:17 | Peasant |
| 3:26 | Arcane Vault |
| 3:33 | Footman |
| 3:55 | Keep |
| 4:03 | Rifleman |
| 4:46 | Farm |
| 4:48 | Farm |
| 5:00 | Farm |
| 5:28 | Siphon Mana |
| 5:35 | Farm |
| 5:40 | Rifleman |
| 5:57 | Scroll of Regeneration |
| 6:03 | Farm |
| 6:49 | Castle |
| 7:45 | Town Hall |
| 7:49 | Scroll of Regeneration |
| 8:19 | Rifleman |
| 8:27 | Scout Tower |
| 8:57 | Holy Light |
| 9:23 | Scout Tower |
| 9:26 | Guard Tower |
| 9:54 | Flame Strike |
| 10:01 | Scout Tower |
| 10:18 | Peasant |
| 10:18 | Peasant |
| 10:18 | Peasant |
| 10:27 | Knight |
| 10:31 | Barracks |
| 10:56 | Forest Troll Shadow Priest |
| 11:00 | Ogre Mauler |
| 11:29 | Guard Tower |
| 11:37 | Animal War Training |
| 11:40 | Knight |
| 11:44 | Farm |
| 11:53 | Scout Tower |
| 12:36 | Knight |
| 12:40 | Farm |
| 12:52 | Peasant |
| 12:52 | Peasant |
| 12:52 | Peasant |
| 13:07 | Iron Plating |
| 13:11 | Farm |
| 13:47 | Farm |
| 13:50 | Arcane Tower |
| 13:52 | Knight |
| 14:12 | Peasant |
| 14:12 | Peasant |
| 14:41 | Devotion Aura |
| 14:52 | Knight |
| 15:55 | Siphon Mana |
| 16:14 | Holy Light |
| 17:36 | Rifleman |
| 17:36 | Rifleman |
| Right click | 800 |
| Select | 183 |
| Chat | 120 |
| Select group | 115 |
| Misc. action | 77 |
| Build/train/purchase | 49 |
| Assign group | 33 |
| Use ability | 22 |
| Minimap ping | 5 |
| Item give/drop | 2 |
TinyTauren
(4)
(38:27) : 
| Scroll of Regeneration | 5 | 500 |
| Potion of Healing | 4 | 600 |
| Staff of Sanctuary | 1 | 250 |
| Scroll of Town Portal | 2 | 700 |
| Boots of Speed | 1 | 250 |
| Staff of Teleportation | 1 | 150 |
| Potion of Lesser Invulnerability | 1 | 150 |
| total: | 15 | 2600g |
| Peasant | 41 | 3075 | / | 0 |
| Dragonhawk Rider | 7 | 1400 | / | 210 |
| Gryphon Rider | 1 | 280 | / | 70 |
| total: | 49 | 4755g | / | 280w |
| Scout Tower | 181 | 5430 | / | 3620 |
| Guard Tower | 48 | 3360 | / | 2400 |
| Arcane Tower | 1 | 70 | / | 50 |
| Altar of Kings | 1 | 180 | / | 50 |
| Farm | 12 | 960 | / | 240 |
| Lumber Mill | 5 | 600 | / | 0 |
| Arcane Vault | 2 | 260 | / | 60 |
| Town Hall | 4 | 1540 | / | 820 |
| Blacksmith | 2 | 280 | / | 120 |
| Gryphon Aviary | 4 | 560 | / | 600 |
| Arcane Sanctum | 1 | 150 | / | 140 |
| Keep | 1 | 320 | / | 210 |
| Castle | 1 | 360 | / | 210 |
| total: | 212 | 9960g | / | 5650w |
| 0:06 | Peasant |
| 0:10 | Altar of Kings |
| 0:18 | Peasant |
| 0:39 | Farm |
| 1:14 | Peasant |
| 1:14 | Peasant |
| 1:15 | Peasant |
| 1:21 | Lumber Mill |
| 1:45 | Blizzard |
| 2:16 | Peasant |
| 2:16 | Peasant |
| 2:20 | Scout Tower |
| 2:22 | Farm |
| 2:44 | Scout Tower |
| 2:47 | Scout Tower |
| 4:02 | Brilliance Aura |
| 4:11 | Guard Tower |
| 4:14 | Guard Tower |
| 4:16 | Scout Tower |
| 4:19 | Peasant |
| 4:19 | Peasant |
| 4:40 | Peasant |
| 4:45 | Guard Tower |
| 4:48 | Scout Tower |
| 5:01 | Scout Tower |
| 5:07 | Peasant |
| 5:07 | Peasant |
| 5:12 | Arcane Vault |
| 5:18 | Farm |
| 5:24 | Peasant |
| 5:24 | Peasant |
| 5:26 | Improved Masonry |
| 5:27 | Guard Tower |
| 5:47 | Guard Tower |
| 5:58 | Brilliance Aura |
| 6:31 | Town Hall |
| 6:37 | Scout Tower |
| 6:37 | Scout Tower |
| 6:38 | Scout Tower |
| 6:38 | Scout Tower |
| 6:43 | Scout Tower |
| 6:44 | Scout Tower |
| 6:50 | Lumber Mill |
| 6:54 | Farm |
| 6:58 | Scout Tower |
| 6:59 | Scout Tower |
| 7:02 | Peasant |
| 7:02 | Peasant |
| 7:02 | Peasant |
| 7:02 | Peasant |
| 7:03 | Peasant |
| 7:03 | Peasant |
| 7:30 | Peasant |
| 7:30 | Peasant |
| 7:54 | Town Hall |
| 8:01 | Guard Tower |
| 8:04 | Scroll of Regeneration |
| 8:09 | Guard Tower |
| 8:17 | Peasant |
| 8:17 | Peasant |
| 8:23 | Peasant |
| 8:36 | Scroll of Regeneration |
| 8:59 | Boots of Speed |
| 9:00 | Staff of Teleportation |
| 9:13 | Guard Tower |
| 9:14 | Keep |
| 9:17 | Guard Tower |
| 9:28 | Scout Tower |
| 9:28 | Scout Tower |
| 9:29 | Scout Tower |
| 9:30 | Scout Tower |
| 9:31 | Scout Tower |
| 9:56 | Scout Tower |
| 9:56 | Scout Tower |
| 9:57 | Scout Tower |
| 10:09 | Scout Tower |
| 10:09 | Scout Tower |
| 10:10 | Scout Tower |
| 10:22 | Guard Tower |
| 10:24 | Scout Tower |
| 10:24 | Scout Tower |
| 10:25 | Scout Tower |
| 10:27 | Scout Tower |
| 10:52 | Guard Tower |
| 11:03 | Guard Tower |
| 11:07 | Scout Tower |
| 11:09 | Scout Tower |
| 11:10 | Peasant |
| 11:11 | Peasant |
| 11:15 | Guard Tower |
| 11:24 | Guard Tower |
| 11:38 | Guard Tower |
| 11:39 | Peasant |
| 11:43 | Scout Tower |
| 11:44 | Scout Tower |
| 11:48 | Scout Tower |
| 11:48 | Scout Tower |
| 11:50 | Peasant |
| 11:53 | Scout Tower |
| 11:59 | Scout Tower |
| 12:02 | Scout Tower |
| 12:02 | Scout Tower |
| 12:04 | Peasant |
| 12:08 | Peasant |
| 12:09 | Peasant |
| 12:12 | Peasant |
| 12:12 | Peasant |
| 12:17 | Scout Tower |
| 12:18 | Scout Tower |
| 12:19 | Scout Tower |
| 12:19 | Scout Tower |
| 12:20 | Scout Tower |
| 12:21 | Scout Tower |
| 12:22 | Scout Tower |
| 12:23 | Scout Tower |
| 12:24 | Scout Tower |
| 12:24 | Scout Tower |
| 12:24 | Scout Tower |
| 12:29 | Guard Tower |
| 12:30 | Scout Tower |
| 12:32 | Scout Tower |
| 12:34 | Scout Tower |
| 12:35 | Scout Tower |
| 12:37 | Scout Tower |
| 12:37 | Scout Tower |
| 12:46 | Castle |
| 12:50 | Scout Tower |
| 12:50 | Scout Tower |
| 12:51 | Scout Tower |
| 12:52 | Scout Tower |
| 12:55 | Scout Tower |
| 12:56 | Scout Tower |
| 13:06 | Blizzard |
| 13:18 | Scout Tower |
| 13:19 | Improved Lumber Harvesting |
| 13:22 | Guard Tower |
| 13:25 | Guard Tower |
| 13:29 | Guard Tower |
| 13:33 | Lumber Mill |
| 13:36 | Scout Tower |
| 13:55 | Guard Tower |
| 14:22 | Guard Tower |
| 14:25 | Scout Tower |
| 14:25 | Scout Tower |
| 14:28 | Scout Tower |
| 14:29 | Scout Tower |
| 14:30 | Scout Tower |
| 14:40 | Guard Tower |
| 14:42 | Scout Tower |
| 14:43 | Scout Tower |
| 14:46 | Scout Tower |
| 14:47 | Scout Tower |
| 14:47 | Scout Tower |
| 14:48 | Scout Tower |
| 14:49 | Scout Tower |
| 14:49 | Scout Tower |
| 14:49 | Scout Tower |
| 14:50 | Scout Tower |
| 15:23 | Guard Tower |
| 15:37 | Scout Tower |
| 15:39 | Scout Tower |
| 15:40 | Guard Tower |
| 16:06 | Guard Tower |
| 16:12 | Gryphon Aviary |
| 16:14 | Gryphon Aviary |
| 16:16 | Gryphon Aviary |
| 16:17 | Gryphon Aviary |
| 16:28 | Guard Tower |
| 16:34 | Advanced Masonry |
| 17:04 | Farm |
| 17:05 | Farm |
| 17:06 | Farm |
| 17:07 | Farm |
| 17:07 | Farm |
| 17:08 | Farm |
| 17:12 | Farm |
| 17:15 | Farm |
| 17:17 | Scout Tower |
| 17:19 | Advanced Lumber Harvesting |
| 17:27 | Guard Tower |
| 17:28 | Guard Tower |
| 17:37 | Peasant |
| 17:37 | Peasant |
| 17:37 | Peasant |
| 17:53 | Dragonhawk Rider |
| 17:56 | Cloud |
| 17:56 | Storm Hammers |
| 18:03 | Blacksmith |
| 18:06 | Blacksmith |
| 18:32 | Dragonhawk Rider |
| 19:03 | Town Hall |
| 19:06 | Scout Tower |
| 19:07 | Scout Tower |
| 19:08 | Scout Tower |
| 19:09 | Scout Tower |
| 19:10 | Scout Tower |
| 19:10 | Scout Tower |
| 19:11 | Scout Tower |
| 19:12 | Scout Tower |
| 19:12 | Scout Tower |
| 19:13 | Scout Tower |
| 19:14 | Scout Tower |
| 19:14 | Scout Tower |
| 19:17 | Scout Tower |
| 19:17 | Scout Tower |
| 19:18 | Scout Tower |
| 19:20 | Scout Tower |
| 19:33 | Scout Tower |
| 19:35 | Scout Tower |
| 19:36 | Scout Tower |
| 19:36 | Scout Tower |
| 19:40 | Scout Tower |
| 19:41 | Scout Tower |
| 19:42 | Scout Tower |
| 19:45 | Scout Tower |
| 19:46 | Scout Tower |
| 19:46 | Scout Tower |
| 19:47 | Scout Tower |
| 19:50 | Guard Tower |
| 20:37 | Brilliance Aura |
| 20:54 | Lumber Mill |
| 20:58 | Guard Tower |
| 21:04 | Iron Forged Swords |
| 21:05 | Studded Leather Armor |
| 21:13 | Scout Tower |
| 21:15 | Scout Tower |
| 21:16 | Scout Tower |
| 21:16 | Scout Tower |
| 21:19 | Scout Tower |
| 21:20 | Scout Tower |
| 21:21 | Scout Tower |
| 21:21 | Scout Tower |
| 21:28 | Dragonhawk Rider |
| 21:40 | Guard Tower |
| 21:57 | Scout Tower |
| 21:57 | Scout Tower |
| 21:58 | Scout Tower |
| 21:58 | Scout Tower |
| 21:59 | Scout Tower |
| 22:00 | Scout Tower |
| 22:01 | Imbued Masonry |
| 22:05 | Guard Tower |
| 22:15 | Arcane Vault |
| 22:21 | Peasant |
| 22:21 | Peasant |
| 22:26 | Dragonhawk Rider |
| 22:27 | Dragonhawk Rider |
| 22:27 | Dragonhawk Rider |
| 22:28 | Steel Forged Swords |
| 22:37 | Reinforced Leather Armor |
| 23:09 | Guard Tower |
| 23:14 | Guard Tower |
| 23:26 | Guard Tower |
| 23:31 | Scroll of Town Portal |
| 23:33 | Potion of Healing |
| 23:37 | Scroll of Regeneration |
| 23:38 | Potion of Healing |
| 23:47 | Mithril Forged Swords |
| 24:00 | Guard Tower |
| 24:13 | Guard Tower |
| 25:31 | Potion of Lesser Invulnerability |
| 25:34 | Scroll of Town Portal |
| 26:18 | Peasant |
| 26:18 | Peasant |
| 26:29 | Lumber Mill |
| 26:38 | Guard Tower |
| 27:47 | Scout Tower |
| 27:49 | Scout Tower |
| 27:50 | Scout Tower |
| 27:51 | Scout Tower |
| 27:52 | Scout Tower |
| 27:52 | Scout Tower |
| 27:54 | Scout Tower |
| 27:54 | Scout Tower |
| 27:55 | Scout Tower |
| 27:56 | Scout Tower |
| 27:57 | Scout Tower |
| 27:58 | Scout Tower |
| 27:59 | Scout Tower |
| 28:00 | Scout Tower |
| 28:01 | Scout Tower |
| 28:01 | Scout Tower |
| 28:02 | Scout Tower |
| 28:04 | Scout Tower |
| 28:05 | Scout Tower |
| 28:05 | Scout Tower |
| 28:06 | Scout Tower |
| 28:06 | Scout Tower |
| 28:07 | Scout Tower |
| 28:08 | Scout Tower |
| 28:09 | Scout Tower |
| 28:50 | Guard Tower |
| 28:53 | Guard Tower |
| 28:55 | Guard Tower |
| 28:57 | Guard Tower |
| 29:14 | Guard Tower |
| 29:21 | Guard Tower |
| 29:54 | Arcane Sanctum |
| 30:37 | Scroll of Regeneration |
| 30:39 | Potion of Healing |
| 31:22 | Arcane Tower |
| 31:24 | Magic Sentry |
| 32:09 | Staff of Sanctuary |
| 32:37 | Dragonhide Armor |
| 34:43 | Scroll of Regeneration |
| 34:48 | Potion of Healing |
| 36:24 | Scout Tower |
| 36:24 | Scout Tower |
| 36:25 | Scout Tower |
| 36:25 | Scout Tower |
| 36:25 | Scout Tower |
| 36:25 | Scout Tower |
| 36:40 | Town Hall |
| 36:43 | Scout Tower |
| 36:44 | Scout Tower |
| 36:44 | Scout Tower |
| 36:45 | Scout Tower |
| 36:46 | Scout Tower |
| 36:47 | Scout Tower |
| 36:47 | Scout Tower |
| 36:49 | Scout Tower |
| 36:49 | Scout Tower |
| 36:50 | Scout Tower |
| 36:51 | Scout Tower |
| 36:52 | Scout Tower |
| 36:55 | Scout Tower |
| 36:55 | Scout Tower |
| 36:56 | Scout Tower |
| 36:57 | Scout Tower |
| 36:58 | Scout Tower |
| 37:02 | Scout Tower |
| 37:03 | Scout Tower |
| 37:03 | Scout Tower |
| 37:04 | Scout Tower |
| 37:05 | Scout Tower |
| 37:07 | Scout Tower |
| 37:08 | Scout Tower |
| 37:09 | Scout Tower |
| 37:10 | Guard Tower |
| 37:14 | Scout Tower |
| 37:16 | Scout Tower |
| 37:18 | Guard Tower |
| 37:31 | Gryphon Rider |
| 38:08 | Mass Teleport |
| 38:08 | Blizzard |
| 38:15 | Dragonhawk Rider |
| Right click | 708 |
| Select | 421 |
| Select group | 172 |
| Build/train/purchase | 156 |
| Use ability | 36 |
| Misc. action | 31 |
| Resource trade | 18 |
| Assign group | 14 |
| Remove unit | 7 |
| Esc | 3 |
| Item give/drop | 2 |

| Acolyte | 19 | 1425 | / | 0 |
| Ghoul | 20 | 2400 | / | 0 |
| Necromancer | 12 | 1740 | / | 240 |
| Meat Wagon | 6 | 1380 | / | 300 |
| Crypt Fiend | 7 | 1505 | / | 280 |
| Gargoyle | 2 | 350 | / | 60 |
| total: | 66 | 8800g | / | 880w |
| Nerubian Tower | 6 | 600 | / | 120 |
| Spirit Tower | 3 | 435 | / | 120 |
| Crypt | 2 | 400 | / | 100 |
| Ziggurat | 13 | 1950 | / | 650 |
| Graveyard | 2 | 430 | / | 0 |
| Altar of Darkness | 1 | 180 | / | 50 |
| Necropolis | 2 | 450 | / | 0 |
| Sacrificial Pit | 1 | 75 | / | 150 |
| Temple of the Damned | 2 | 310 | / | 280 |
| Slaughterhouse | 2 | 280 | / | 270 |
| Halls of the Dead | 2 | 640 | / | 420 |
| Black Citadel | 1 | 325 | / | 230 |
| total: | 25 | 4075g | / | 1500w |
| 0:09 | Crypt |
| 0:11 | Ziggurat |
| 0:12 | Ziggurat |
| 0:33 | Acolyte |
| 0:33 | Acolyte |
| 0:41 | Acolyte |
| 1:13 | Ghoul |
| 1:14 | Ghoul |
| 1:45 | Ghoul |
| 1:48 | Ghoul |
| 1:48 | Ghoul |
| 2:25 | Halls of the Dead |
| 3:37 | Ghoul |
| 3:37 | Ghoul |
| 3:39 | Nerubian Tower |
| 3:40 | Nerubian Tower |
| 4:00 | Cannibalize |
| 4:08 | Graveyard |
| 4:12 | Altar of Darkness |
| 4:40 | Ghoul |
| 4:40 | Ghoul |
| 4:55 | Ziggurat |
| 5:04 | Sacrificial Pit |
| 5:31 | Black Citadel |
| 5:33 | Unholy Strength |
| 5:57 | Temple of the Damned |
| 6:06 | Spirit Tower |
| 6:17 | Ziggurat |
| 6:20 | Unholy Aura |
| 6:29 | Unholy Armor |
| 6:50 | Slaughterhouse |
| 6:52 | Slaughterhouse |
| 7:14 | Necromancer |
| 7:14 | Necromancer |
| 7:32 | Spirit Tower |
| 7:38 | Necromancer Adept Training |
| 7:57 | Disease Cloud |
| 8:21 | Meat Wagon |
| 8:44 | Ghoul Frenzy |
| 8:47 | Necromancer Master Training |
| 8:48 | Necromancer |
| 9:38 | Skeletal Mastery |
| 9:39 | Necromancer |
| 10:25 | Exhume Corpses |
| 10:30 | Necromancer |
| 11:17 | Improved Unholy Armor |
| 11:17 | Improved Unholy Strength |
| 11:21 | Meat Wagon |
| 11:21 | Meat Wagon |
| 12:09 | Ziggurat |
| 12:10 | Ziggurat |
| 13:00 | Advanced Unholy Armor |
| 13:03 | Necromancer |
| 13:03 | Necromancer |
| 14:54 | Nerubian Tower |
| 14:55 | Spirit Tower |
| 15:12 | Meat Wagon |
| 15:12 | Meat Wagon |
| 15:41 | Ghoul |
| 15:41 | Ghoul |
| 15:53 | Necromancer |
| 16:11 | Necromancer |
| 16:52 | Necromancer |
| 16:53 | Necromancer |
| 16:53 | Necromancer |
| 18:40 | Meat Wagon |
| 18:53 | Death Coil |
| 20:44 | Ziggurat |
| 20:45 | Ziggurat |
| 20:46 | Ziggurat |
| 21:21 | Crypt Fiend |
| 21:21 | Crypt Fiend |
| 21:21 | Crypt Fiend |
| 21:21 | Crypt Fiend |
| 21:21 | Crypt Fiend |
| 21:34 | Acolyte |
| 21:41 | Unholy Aura |
| 22:27 | Nerubian Tower |
| 22:32 | Nerubian Tower |
| 23:39 | Crypt Fiend |
| 23:39 | Crypt Fiend |
| 24:24 | Necropolis |
| 26:18 | Acolyte |
| 27:06 | Graveyard |
| 27:13 | Necropolis |
| 27:23 | Acolyte |
| 27:31 | Acolyte |
| 27:54 | Acolyte |
| 28:17 | Acolyte |
| 28:41 | Ziggurat |
| 28:43 | Ziggurat |
| 28:44 | Ziggurat |
| 28:46 | Ziggurat |
| 29:12 | Crypt |
| 29:40 | Halls of the Dead |
| 30:08 | Acolyte |
| 30:08 | Acolyte |
| 30:08 | Acolyte |
| 30:09 | Acolyte |
| 30:09 | Acolyte |
| 30:26 | Ghoul |
| 30:26 | Ghoul |
| 31:18 | Ghoul |
| 31:27 | Ghoul |
| 32:02 | Gargoyle |
| 32:03 | Gargoyle |
| 32:56 | Ghoul |
| 32:57 | Ghoul |
| 32:57 | Ghoul |
| 34:21 | Temple of the Damned |
| 34:35 | Acolyte |
| 34:35 | Acolyte |
| 34:36 | Acolyte |
| 34:36 | Acolyte |
| 34:36 | Acolyte |
| 34:49 | Nerubian Tower |
| 34:52 | Ghoul |
| 34:52 | Ghoul |
| Select | 629 |
| Right click | 512 |
| Misc. action | 183 |
| Build/train/purchase | 163 |
| Use ability | 8 |
| Remove unit | 7 |
| Minimap ping | 2 |
⇛